PR
LONG ISLAND DUCKS @ CROWLEY CAJUNS
07/17/2037
 
TOP OF THE 1ST
Long Island Ducks batting - Pitching for Crowley Cajuns : LHP Rens Verheijen
Pitching: LHP Rens Verheijen
Batting: RHB Hisashi Koumura 0-0: Ball
1-0: Called Strike
1-1: Ball
2-1: Foul Ball, location: 2F
2-2: Ball
3-2: Strikes out looking
Batting: RHB Illarion Podmarkov 0-0: Ball
1-0: Ball
2-0: Fly out, F9 (Flyball, 9D, EV 97.5 MPH)
Batting: RHB Tomás Martí 0-0: Ball
1-0: SINGLE (Groundball, 56, EV 79.4 MPH) (infield hit)
Batting: RHB Sean Roberts 0-0: Fly out, F7 (Flyball, 7LSF, EV 90.6 MPH)
Top of the 1st over - 0 runs, 1 hit, 0 errors, 1 left on base; Long Island 0 - Crowley 0
BOTTOM OF THE 1ST
Crowley Cajuns batting - Pitching for Long Island Ducks : RHP Emilio Zatori
Pitching: RHP Emilio Zatori
Batting: RHB Vicente Perales 0-0: DOUBLE (Line Drive, 7LD, EV 108.8 MPH)
Batting: RHB Momoru Sato 0-0: Ground out 2-3 (Groundball, 15S, EV 63.1 MPH)
Vicente Perales to third
Batting: LHB Scott Fields 0-0: Ball
1-0: Ball
2-0: Ground out 1-3 (Groundball, 15S, EV 64.4 MPH)
Batting: RHB Jamy Geertsen 0-0: Called Strike
0-1: Ground out 5-3 (Groundball, 56S, EV 71.9 MPH)
Bottom of the 1st over - 0 runs, 1 hit, 0 errors, 1 left on base; Long Island 0 - Crowley 0
TOP OF THE 2ND
Long Island Ducks batting - Pitching for Crowley Cajuns : LHP Rens Verheijen
Batting: RHB Sterling Massingham 0-0: Ball
1-0: SINGLE (Groundball, 6MD, EV 100.6 MPH)
Batting: RHB John Camp 0-0: Ball
1-0: SINGLE (Groundball, 56D, EV 97.5 MPH)
Sterling Massingham to second
Batting: RHB Doug Dendy 0-0: Ball
1-0: Foul Ball, location: 2F
1-1: SINGLE (Groundball, 6MD, EV 94.4 MPH)
Sterling Massingham to third
John Camp to second
Runner from 3rd tries for Home, SAFE, no throw by CF
Batting: LHB Allan Colston 0-0: SINGLE (Line Drive, 89S, EV 99.4 MPH)
John Camp to third
Doug Dendy to second
Batting: RHB José Flores 0-0: Ball
1-0: Ball
2-0: Fly out, F2 (Popup, 23F, EV 91.9 MPH)
Batting: RHB Hisashi Koumura 0-0: Called Strike
0-1: SINGLE (Groundball, 56, EV 101.2 MPH)
John Camp scores
Doug Dendy to third
Allan Colston to second
Runner from 3rd tries for Home, SAFE, no throw by LF
Batting: RHB Illarion Podmarkov 0-0: Ball
1-0: Ball
2-0: Ball
Wild Pitch!
Allan Colston to third
Hisashi Koumura to second
3-0: Called Strike
3-1: Foul Ball, location: 2F
3-2: Foul Ball, location: 2F
3-2: Foul Ball, location: 2F
3-2: Foul Ball, location: 2F
3-2: Fly out, F7 (Flyball, 7, EV 91.9 MPH)
Runner from 3rd tags up, SCORES, throw by LF
Batting: RHB Tomás Martí 0-0: Ball
1-0: Foul Ball, location: 2F
1-1: Ball
2-1: Fly out, F7 (Flyball, 7LS, EV 86.2 MPH)
Top of the 2nd over - 4 runs, 5 hits, 0 errors, 1 left on base; Long Island 4 - Crowley 0
BOTTOM OF THE 2ND
Crowley Cajuns batting - Pitching for Long Island Ducks : RHP Emilio Zatori
Batting: RHB Hal Phillips 0-0: Ball
1-0: Foul Ball, location: 2F
1-1: Ball
2-1: Ball
3-1: Base on Balls
Batting: RHB Abednego Ashpenaz 0-0: Ball
Hal Phillips is caught stealing 2nd base 2-4
1-0: Foul Ball, location: 2F
1-1: Ball
2-1: Foul Ball, location: 2F
2-2: Ball
3-2: Ground out 4-3 (Groundball, 4M, EV 105.6 MPH)
Batting: SHB Roy Maynard 0-0: Ball
1-0: Swinging Strike
1-1: Ball
2-1: SINGLE (Line Drive, 8RS, EV 89.4 MPH)
Batting: RHB Jermaine Vassell 0-0: Called Strike
0-1: Called Strike
0-2: Ball
1-2: Ball
2-2: Ball
3-2: Strikes out swinging
Bottom of the 2nd over - 0 runs, 1 hit, 0 errors, 1 left on base; Long Island 4 - Crowley 0
TOP OF THE 3RD
Long Island Ducks batting - Pitching for Crowley Cajuns : LHP Rens Verheijen
Batting: RHB Sean Roberts 0-0: Called Strike
0-1: Foul Ball, location: 2F
0-2: Ball
1-2: Ground out 6-3 (Groundball, 6, EV 106.9 MPH)
Batting: RHB Sterling Massingham 0-0: Ball
1-0: Ball
2-0: Foul Ball, location: 2F
2-1: Ball
3-1: SOLO HOME RUN (Flyball, 7D, EV 93.8 MPH), Distance : 389 ft
Batting: RHB John Camp 0-0: Ball
1-0: Foul Ball, location: 2F
1-1: Foul Ball, location: 2F
1-2: Ground out 6-3 (Groundball, 6, EV 100.6 MPH)
Batting: RHB Doug Dendy 0-0: Ball
1-0: Ball
2-0: Swinging Strike
2-1: Foul Ball, location: 2F
2-2: Ball
3-2: Base on Balls
Batting: LHB Allan Colston 0-0: Ball
1-0: Called Strike
1-1: Ball
2-1: Called Strike
2-2: Ball
3-2: Strikes out swinging, 2-3 out at first.
Top of the 3rd over - 1 run, 1 hit, 0 errors, 1 left on base; Long Island 5 - Crowley 0
BOTTOM OF THE 3RD
Crowley Cajuns batting - Pitching for Long Island Ducks : RHP Emilio Zatori
Batting: RHB Oliver Buss 0-0: Foul Ball, location: 2F
0-1: Foul Ball, location: 2F
0-2: Ball
1-2: Fly out, F8 (Line Drive, 8RM, EV 90.0 MPH)
Batting: RHB Vicente Perales 0-0: Fly out, F7 (Flyball, 7, EV 85.6 MPH)
Batting: RHB Momoru Sato 0-0: Ball
1-0: Foul Ball, location: 2F
1-1: Fly out, F8 (Flyball, 8LM, EV 82.5 MPH)
Bottom of the 3rd over - 0 runs, 0 hits, 0 errors, 0 left on base; Long Island 5 - Crowley 0
TOP OF THE 4TH
Long Island Ducks batting - Pitching for Crowley Cajuns : LHP Rens Verheijen
Batting: RHB José Flores 0-0: Ball
1-0: Foul Ball, location: 2F
1-1: DOUBLE (Flyball, 8RXD, EV 96.2 MPH)
Batting: RHB Hisashi Koumura 0-0: Ground out 1-3 (Groundball, 13S, EV 69.4 MPH)
José Flores to third
Batting: RHB Illarion Podmarkov 0-0: Swinging Strike
0-1: Swinging Strike
0-2: Ball
1-2: Ball
2-2: Foul Ball, location: 2F
2-2: Foul Ball, location: 2F
2-2: Strikes out swinging
Batting: RHB Tomás Martí 0-0: Hit by Pitch
Batting: RHB Sean Roberts 0-0: Ball
1-0: Called Strike
1-1: Foul Ball, location: 2F
1-2: Strikes out looking
Top of the 4th over - 0 runs, 1 hit, 0 errors, 2 left on base; Long Island 5 - Crowley 0
BOTTOM OF THE 4TH
Crowley Cajuns batting - Pitching for Long Island Ducks : RHP Emilio Zatori
Batting: LHB Scott Fields 0-0: Fly out, F8 (Flyball, 8RM, EV 95.0 MPH)
Batting: RHB Jamy Geertsen 0-0: Ball
1-0: Called Strike
1-1: Ball
2-1: Swinging Strike
2-2: Ground out 4-3 (Groundball, 4, EV 99.4 MPH)
Batting: RHB Hal Phillips 0-0: Ball
1-0: Ball
2-0: Ball
3-0: Called Strike
3-1: Ground out 1-3 (Groundball, P, EV 86.9 MPH)
Bottom of the 4th over - 0 runs, 0 hits, 0 errors, 0 left on base; Long Island 5 - Crowley 0
TOP OF THE 5TH
Long Island Ducks batting - Pitching for Crowley Cajuns : LHP Rens Verheijen
Batting: RHB Sterling Massingham 0-0: Called Strike
0-1: Ball
1-1: Ball
2-1: Foul Ball, location: 2F
2-2: Ball
3-2: Strikes out looking
Batting: RHB John Camp 0-0: Ground out 2-3 (Groundball, 15S, EV 72.5 MPH)
Batting: RHB Doug Dendy 0-0: Called Strike
0-1: Ball
1-1: Ball
2-1: Foul Ball, location: 2F
2-2: Foul Ball, location: 2F
2-2: Ball
3-2: Base on Balls
Batting: LHB Allan Colston 0-0: Ball
1-0: SINGLE (Line Drive, 89M, EV 87.5 MPH)
Doug Dendy to second
Pitching: RHP Charles Cleveland
Batting: RHB José Flores 0-0: Swinging Strike
0-1: Called Strike
0-2: Strikes out swinging
Top of the 5th over - 0 runs, 1 hit, 0 errors, 2 left on base; Long Island 5 - Crowley 0
BOTTOM OF THE 5TH
Crowley Cajuns batting - Pitching for Long Island Ducks : RHP Emilio Zatori
Batting: RHB Abednego Ashpenaz 0-0: Called Strike
0-1: Foul Ball, location: 2F
0-2: Strikes out swinging
Batting: SHB Roy Maynard 0-0: Called Strike
0-1: Ground out 4-3 (Groundball, 4, EV 81.2 MPH)
Batting: RHB Jermaine Vassell 0-0: Called Strike
0-1: Ball
1-1: Foul Ball, location: 2F
1-2: Strikes out looking
Bottom of the 5th over - 0 runs, 0 hits, 0 errors, 0 left on base; Long Island 5 - Crowley 0
TOP OF THE 6TH
Long Island Ducks batting - Pitching for Crowley Cajuns : RHP Charles Cleveland
Batting: RHB Hisashi Koumura 0-0: Ball
1-0: Called Strike
1-1: Ball
2-1: Called Strike
2-2: Ball
3-2: Strikes out swinging
Batting: RHB Illarion Podmarkov 0-0: Ball
1-0: Ball
2-0: Swinging Strike
2-1: Fly out, F8 (Line Drive, 8RD, EV 100.0 MPH)
Batting: RHB Tomás Martí 0-0: Called Strike
0-1: Called Strike
0-2: SINGLE (Flyball, 78S, EV 98.8 MPH)
Batting: RHB Sean Roberts 0-0: SINGLE (Groundball, 34D, EV 110.6 MPH)
Tomás Martí to second
Runner from 2nd tries for 3rd, SAFE, throw by RF made to third
Batting: RHB Sterling Massingham 0-0: Called Strike
0-1: Swinging Strike
0-2: Ball
1-2: Ball
Pickoff Throw to First - Out! 1-3
Top of the 6th over - 0 runs, 2 hits, 0 errors, 1 left on base; Long Island 5 - Crowley 0
BOTTOM OF THE 6TH
Crowley Cajuns batting - Pitching for Long Island Ducks : RHP Emilio Zatori
Batting: RHB Oliver Buss 0-0: Foul Ball, location: 2F
0-1: Ball
1-1: Ball
2-1: Foul Ball, location: 2F
2-2: Ball
3-2: Strikes out swinging
Batting: RHB Vicente Perales 0-0: Foul Ball, location: 2F
0-1: Foul Ball, location: 2F
0-2: Strikes out looking
Batting: RHB Momoru Sato 0-0: Called Strike
0-1: Ball
1-1: Foul Ball, location: 2F
1-2: Strikes out swinging
Bottom of the 6th over - 0 runs, 0 hits, 0 errors, 0 left on base; Long Island 5 - Crowley 0
TOP OF THE 7TH
Long Island Ducks batting - Pitching for Crowley Cajuns : RHP Charles Cleveland
Batting: RHB Sterling Massingham 0-0: Called Strike
0-1: SOLO HOME RUN (Flyball, 7LD, EV 109.4 MPH), Distance : 361 ft
Batting: RHB John Camp 0-0: Fly out, F5 (Line Drive, 5, EV 71.9 MPH)
Batting: RHB Doug Dendy 0-0: Ball
1-0: Called Strike
1-1: Foul Ball, location: 2F
1-2: Strikes out swinging
Batting: LHB Allan Colston 0-0: Swinging Strike
0-1: Foul Ball, location: 2F
0-2: Ball
1-2: Strikes out swinging
Top of the 7th over - 1 run, 1 hit, 0 errors, 0 left on base; Long Island 6 - Crowley 0
BOTTOM OF THE 7TH
Crowley Cajuns batting - Pitching for Long Island Ducks : RHP Emilio Zatori
Batting: LHB Scott Fields 0-0: Ground out 1-3 (Groundball, 13S, EV 73.1 MPH)
Batting: RHB Jamy Geertsen 0-0: Ball
1-0: Ball
2-0: Called Strike
2-1: Swinging Strike
2-2: Strikes out swinging
Batting: RHB Hal Phillips 0-0: Hit by Pitch
Batting: RHB Abednego Ashpenaz 0-0: Swinging Strike
0-1: Fly out, F9 (Flyball, 9, EV 90.6 MPH)
Bottom of the 7th over - 0 runs, 0 hits, 0 errors, 1 left on base; Long Island 6 - Crowley 0
TOP OF THE 8TH
Long Island Ducks batting - Pitching for Crowley Cajuns : RHP Charles Cleveland
Batting: RHB José Flores 0-0: Ball
1-0: SINGLE (Groundball, 56D, EV 99.4 MPH)
Batting: RHB Hisashi Koumura 0-0: Ball
1-0: Foul Ball, location: 2F
1-1: Ball
2-1: Foul Ball, location: 2F
2-2: Ball
3-2: Strikes out swinging
Batting: RHB Illarion Podmarkov 0-0: Called Strike
0-1: Swinging Strike
0-2: Strikes out looking
Batting: RHB Tomás Martí 0-0: Called Strike
0-1: Fly out, F9 (Flyball, 9S, EV 74.4 MPH)
Top of the 8th over - 0 runs, 1 hit, 0 errors, 1 left on base; Long Island 6 - Crowley 0
BOTTOM OF THE 8TH
Crowley Cajuns batting - Pitching for Long Island Ducks : RHP Emilio Zatori
Batting: SHB Roy Maynard 0-0: Called Strike
0-1: Fly out, F8 (Line Drive, 8RM, EV 91.9 MPH)
Batting: RHB Jermaine Vassell 0-0: Ground out 4-3 (Groundball, 4, EV 97.5 MPH)
Batting: RHB Oliver Buss 0-0: Swinging Strike
0-1: Swinging Strike
0-2: Strikes out swinging
Bottom of the 8th over - 0 runs, 0 hits, 0 errors, 0 left on base; Long Island 6 - Crowley 0
TOP OF THE 9TH
Long Island Ducks batting - Pitching for Crowley Cajuns : RHP Charles Cleveland
Batting: RHB Sean Roberts 0-0: Foul Ball, location: 2F
0-1: Called Strike
0-2: Ball
1-2: Ball
2-2: Strikes out looking
Batting: RHB Sterling Massingham 0-0: Ball
1-0: Called Strike
1-1: Foul Ball, location: 2F
1-2: Foul Ball, location: 2F
1-2: Foul Ball, location: 2F
1-2: Foul Ball, location: 2F
1-2: Ball
2-2: Foul Ball, location: 2F
2-2: Ball
3-2: Base on Balls
Batting: RHB John Camp 0-0: Swinging Strike
0-1: Called Strike
0-2: Ball
1-2: Foul Ball, location: 2F
1-2: Fly out, F4 (Popup, 23, EV 90.6 MPH)
Batting: RHB Doug Dendy 0-0: Called Strike
0-1: Swinging Strike
0-2: Foul Ball, location: 2F
0-2: Ball
1-2: Ball
Passed Ball!
Sterling Massingham to second
2-2: Strikes out swinging
Top of the 9th over - 0 runs, 0 hits, 0 errors, 1 left on base; Long Island 6 - Crowley 0
BOTTOM OF THE 9TH
Crowley Cajuns batting - Pitching for Long Island Ducks : RHP Emilio Zatori
Batting: RHB Vicente Perales 0-0: Ground out 6-3 (Groundball, 6S, EV 78.1 MPH)
Batting: RHB Momoru Sato 0-0: Foul Ball, location: 2F
0-1: Swinging Strike
0-2: Fly out, F9 (Flyball, 9S, EV 90.0 MPH)
Batting: LHB Scott Fields 0-0: DOUBLE (Flyball, 8RXD, EV 108.8 MPH)
Batting: RHB Jamy Geertsen 0-0: Ball
1-0: Called Strike
1-1: Called Strike
1-2: Ball
2-2: Foul Ball, location: 2F
2-2: Ball
3-2: Foul Ball, location: 2F
3-2: Foul Ball, location: 2F
3-2: Foul Ball, location: 2F
3-2: Strikes out looking
Bottom of the 9th over - 0 runs, 1 hit, 0 errors, 1 left on base; Long Island 6 - Crowley 0
Thursday, January 23rd, 2020 - OOTP Baseball 20.8 Build 74